 Dungeon Crawl Stone Soup version 0.27.1-33-g824d729ab1 (webtiles) character file.

Game seed: 4449093736545619454

12481 sum1won the Grappler (level 11, -6/104 HPs)
             Began as a Troll Warper on Nov 28, 2021.
             Was a High Priest of Cheibriados.
             Mangled by a large slime creature (38 damage)
             ... on level 11 of the Dungeon.
             The game lasted 00:21:27 (8671 turns).

sum1won the Grappler (Troll Warper)                 Turns: 8671, Time: 00:21:28

Health: -6/104     AC: 11    Str: 38    XL:     11   Next: 63%
Magic:  14/14      EV: 17    Int: 22    God:    Cheibriados [*****.]
Gold:   429        SH:  0    Dex: 21    Spells: 9/14 levels left

rFire    . . .     SeeInvis .     - Unarmed
rCold    . . .     Faith    .   (no shield)
rNeg     . . .     Spirit   .   L - +0 acid dragon scales
rPois    .         Reflect  .   (helmet restricted)
rElec    .         Harm     .   m - +2 cloak
rCorr    +         Rampage  .   (gloves unavailable)
Will     .....                  (boots unavailable)
Stlth    ++........             h - amulet of regeneration
HPRegen  2.27/turn              z - +6 ring of strength
MPRegen  0.14/turn              Y - +4 ring of evasion

@: very slow
A: large, unfitting armour, claws 3, regeneration 1, shaggy fur 1, tough skin 1
a: Renounce Religion, Bend Time, Temporal Distortion, Slouch, Step From Time


You were on level 11 of the Dungeon.
You worshipped Cheibriados.
Cheibriados was extremely pleased with you.
You visited 2 branches of the dungeon, and saw 12 of its levels.

You collected 509 gold pieces.
You spent 80 gold pieces at shops.

Inventory:

Hand Weapons
 T - the +7 spear "Niestraum" {vorpal, rElec}
   (You found it on level 9 of the Dungeon)

   It inflicts extra damage upon your enemies.
   rElec:     It insulates you from electricity.
 Z - a +2 antimagic broad axe
Missiles
 c - 5 boomerangs of dispersal (quivered)
 q - 7 boomerangs
 M - 13 poisoned darts
 O - 5 silver boomerangs
 V - 3 large rocks
Armour
 a - a +0 robe
 m - a +2 cloak (worn)
 L - +0 acid dragon scales (worn)
 X - the +0 cloak "Sahonef" {rN+ Dex-4 Slay+4}
   (You found it on level 10 of the Dungeon)

   Dex:       It affects your dexterity (-4).
   Slay:      It affects your accuracy & damage with ranged weapons and melee
   (+4).
   rN:        It protects you from negative energy.
Magical Staves
 v - a staff of fire
Jewellery
 h - an amulet of regeneration (around neck)
 u - an amulet of the acrobat
 z - a +6 ring of strength (left claw)
 C - a +6 ring of dexterity
 K - a ring of protection from fire
 P - a ring of positive energy
 Q - an amulet of guardian spirit
 Y - a +4 ring of evasion (right claw)
Wands
 A - a wand of paralysis (4)
 G - a wand of mindburst (16)
 H - a wand of flame (9)
 I - a wand of polymorph (1)
 N - a wand of acid (8)
Scrolls
 b - 3 scrolls of blinking
 d - a scroll of silence {unknown}
 f - 8 scrolls of identify {unknown}
 g - 2 scrolls of noise {unknown}
 j - 3 scrolls of immolation {unknown}
 o - 2 scrolls of torment {unknown}
 p - 3 scrolls of fog {unknown}
 r - 3 scrolls of amnesia {unknown}
 w - 3 scrolls of fear {unknown}
 x - 2 scrolls of enchant armour {unknown}
 y - 5 scrolls of teleportation {unknown}
 S - a scroll of enchant weapon {unknown}
Potions
 e - 6 potions of attraction {unknown}
 i - 6 potions of degeneration {unknown}
 k - a potion of might {unknown}
 l - 2 potions of magic {unknown}
 n - 3 potions of haste {unknown}
 s - a potion of brilliance {unknown}
 t - 5 potions of curing {unknown}
 B - 3 potions of flight {unknown}
 D - 2 potions of ambrosia {unknown}
 E - 4 potions of heal wounds {unknown}
 F - a potion of invisibility
 J - a potion of lignification {unknown}
 R - a potion of mutation {unknown}
 U - a potion of cancellation {unknown}
 W - a potion of berserk rage {unknown}


   Skills:
 * Level 5.4 Fighting
 + Level 0.2 Bows
 + Level 0.2 Crossbows
 + Level 5.2 Throwing
 + Level 1.5 Armour
 - Level 5.4 Dodging
 - Level 1.0 Stealth
 * Level 1.2 Shields
 + Level 12.5 Unarmed Combat
 - Level 2.0 Spellcasting
 + Level 0.5 Conjurations
 + Level 0.2 Hexes
 + Level 0.2 Summonings
 + Level 0.5 Necromancy
 + Level 2.4 Translocations
 + Level 0.2 Transmutations
 + Level 0.2 Ice Magic
 + Level 0.1 Air Magic
 + Level 0.3 Earth Magic
 + Level 0.2 Poison Magic
 - Level 6.5 Invocations


You had 9 spell levels left.
You knew the following spells:

 Your Spells              Type           Power      Damage    Failure   Level
a - Blink                 Tloc           N/A        N/A       9%          2
b - Teleport Other        Tloc           12%        N/A       17%         3

Your spell library contained the following spells:

 Spells                   Type           Power      Damage    Failure   Level
 Gell's Gravitas          Tloc           6%         N/A       17%         3
 Lesser Beckoning         Tloc           6%         N/A       17%         3
 Sublimation of Blood     Necr           2%         N/A       19%         2
 Tukima's Dance           Hex            3%         N/A       38%         3
 Passage of Golubria      Tloc           N/A        N/A       50%         4
 Iskenderun's Mystic Bla  Conj/Tloc      8%         2d4       65%         4
 Fulminant Prism          Conj/Hex       2%         3d6       80%         4
 Leda's Liquefaction      Hex/Erth       1%         N/A       80%         4
 Petrify                  Tmut/Erth      3%         N/A       80%         4
 Manifold Assault         Tloc           12%        N/A       85%         5
 Bolt of Magma            Conj/Fire/Erth 1%         4d4       98%         5
 Irradiate                Conj/Tmut      1%         3d14      98%         5
 Lee's Rapid Deconstruct  Erth           1%         3d5*      98%         5
 Yara's Violent Unravell  Hex/Tmut       1%         3d3       99%         5
 Statue Form              Tmut/Erth      2%         N/A       100%        6


Dungeon Overview and Level Annotations

Branches:
Dungeon (11/15)            Temple (1/1) D:6            Lair (0/6) D:9
    Orc (0/2) D:10

Altars:
Ashenzari
Cheibriados
Dithmenos
Elyvilon
Fedhas
Gozag
Hepliaklqana
Kikubaaqudgha
Makhleb
Nemelex Xobeh
Okawaru
Qazlal
Ru
Sif Muna
Trog
Uskayaw
Vehumet
Wu Jian
Xom
Yredelemnul
Zin
The Shining One

Shops:
D:5 =   D:6 *

Annotations:
D:1 1 runed translucent door


Innate Abilities, Weirdness & Mutations

You are too large for most types of armour.
You have claws for hands.
Your natural rate of healing is unusually fast.
You are covered in fur. (AC +1)
You have tough skin. (AC +1)


Message History

The slime creature barely misses you.
You mangle the slime creature!!
The slime creature is almost dead.
You claw the slime creature!
The slime creature is moderately wounded.
A slime creature comes into view.
You mangle the slime creature!!
The slime creature is severely wounded.
Two slime creatures merge to form a large slime creature.
You claw the slime creature!
You kill the slime creature!
Cheibriados thoroughly appreciates the change of pace.
The slime creature hits you.
You mangle the slime creature!!
You kill the slime creature!
Cheibriados appreciates the change of pace.
You claw the large slime creature!
The large slime creature is lightly wounded.
You barely miss the large slime creature.
The large slime creature is lightly wounded.
The large slime creature hits you!!
You claw the large slime creature!
The large slime creature is moderately wounded.
The large slime creature hits you!!
A large slime creature splits.
The howler monkey zombie misses you.
Two slime creatures merge to form a large slime creature.
The howler monkey zombie hits you but does no damage.
The howler monkey zombie completely misses you.
The howler monkey zombie barely misses you.
You mangle the large slime creature!! You claw the large slime creature!
The large slime creature is heavily wounded.
The large slime creature hits you!!!
* * * LOW HITPOINT WARNING * * *
You mangle the large slime creature!!
The large slime creature is severely wounded.
You barely miss the large slime creature.
You claw the large slime creature!!
The large slime creature is almost dead.
The large slime creature hits you!!!
You die...

#####
#########Z..#
#..<..))@J..#####
#####)).........#
####.>..###$......
#....# ###.##.
#.#### # #.# #.#
#.# ###


You could see a large slime creature and a howler monkey zombie.

Vanquished Creatures
  2 two-headed ogres
  A flayed ghost (D:10)
  A centaur zombie (D:10)
  A hornet (D:9)
  4 slime creatures (D:11)
  2 shadows (D:10)
  Sigmund (D:2)
  3 wraiths (D:10)
  2 wyverns
  10 yaks
  A steam dragon (D:9)
  16 fire bats (D:10)
  2 acid dragons
  5 water moccasins
  5 orc warriors
  2 black bears (D:6)
  5 necrophages
  An ogre (D:5)
  A phantom (D:4)
  A centaur (D:9)
  A kobold brigand (D:10)
  2 bullfrogs
  A gnoll sergeant (D:5)
  6 scorpions
  4 killer bees
  10 wights
  A bullfrog zombie (D:6)
  6 orc priests
  A jelly (D:7)
  A centaur skeleton (D:7)
  2 gnoll shamans
  2 hounds (D:7)
  A scorpion zombie (D:5)
  Terence (D:2)
  8 iguanas
  5 orc wizards
  A killer bee zombie (D:7)
  Robin (D:2)
  20 gnolls
  A howler monkey skeleton (D:5)
  7 adders
  4 white imps
  2 worms
  4 dart slugs
  26 orcs
  7 ball pythons
  64 bats
  10 endoplasms
  5 giant cockroaches
  13 hobgoblins
  3 jackals (D:2)
  10 kobolds
  4 quokkas
  12 frilled lizards
  13 goblins
  3 rats
328 creatures vanquished.

Vanquished Creatures (others)
  A scorpion (D:9)
  13 fungi (D:9)
  7 plants (D:9)
21 creatures vanquished.

Grand Total: 349 creatures vanquished

Notes
Turn   | Place    | Note
-------+----------+-------------------------------------------
     0 | D:1      | sum1won the Troll Warper began the quest for the Orb.
     0 | D:1      | Reached XP level 1. HP: 19/19 MP: 1/1
     2 | D:1      | Found a runed translucent door.
   140 | D:1      | Reached XP level 2. HP: 27/27 MP: 2/2
   146 | D:1      | Learned a level 2 spell: Blink
   502 | D:2      | Reached skill level 3 in Unarmed Combat
   526 | D:2      | Noticed Terence
   531 | D:2      | Reached XP level 3. HP: 32/33 MP: 3/3
   543 | D:2      | Killed Terence
   589 | D:2      | Reached skill level 4 in Unarmed Combat
   616 | D:2      | Reached XP level 4. HP: 41/41 MP: 4/4
   748 | D:2      | Noticed Robin
   784 | D:2      | Killed Robin
   804 | D:2      | Found a faded altar of an unknown god.
   885 | D:2      | Noticed Sigmund
   898 | D:2      | Killed Sigmund
   899 | D:2      | Reached skill level 1 in Stealth
   899 | D:2      | Reached skill level 6 in Unarmed Combat
   899 | D:2      | Reached XP level 5. HP: 48/48 MP: 5/5
   901 | D:2      | Reached XP level 6. HP: 55/55 MP: 6/6
  1140 | D:3      | Found a hide-covered altar of Uskayaw.
  1689 | D:4      | Found a shadowy altar of Dithmenos.
  1691 | D:4      | Found a basalt altar of Yredelemnul.
  1695 | D:4      | Found a burning altar of Makhleb.
  1701 | D:4      | Found a hazy altar of Hepliaklqana.
  1962 | D:4      | Reached XP level 7. HP: 65/65 MP: 7/7
  2031 | D:4      | Reached skill level 7 in Unarmed Combat
  2578 | D:5      | Entered Level 5 of the Dungeon
  2594 | D:5      | Found Zuqokich's Jewellery Emporium.
  2681 | D:5      | Reached skill level 1 in Throwing
  2877 | D:5      | Reached skill level 8 in Unarmed Combat
  2893 | D:5      | Reached XP level 8. HP: 71/74 MP: 8/8
  3887 | D:6      | Reached skill level 9 in Unarmed Combat
  4176 | D:6      | Found a staircase to the Ecumenical Temple.
  4190 | D:6      | Reached XP level 9. HP: 84/84 MP: 9/9
  4206 | D:6      | Found Qaibeis's Assorted Antiques.
  4212 | D:6      | Bought a scroll labelled KEICOI FOCZUZ for 22 gold pieces
  4212 | D:6      | Bought 2 cyan potions for 39 gold pieces
  4212 | D:6      | Bought a dark potion for 19 gold pieces
  4362 | Temple   | Entered the Ecumenical Temple
  4534 | Temple   | Became a worshipper of the Shining One
  4896 | D:7      | Reached skill level 10 in Unarmed Combat
  5811 | D:8      | Reached * piety under the Shining One
  5825 | D:8      | Found a snail-covered altar of Cheibriados.
  6172 | D:8      | Reached skill level 5 in Dodging
  6175 | D:8      | Reached XP level 10. HP: 94/94 MP: 10/10
  6178 | D:8      | Reached skill level 11 in Unarmed Combat
  6368 | D:8      | Learned a level 3 spell: Teleport Other
  6658 | D:9      | Found a staircase to the Lair.
  6707 | D:9      | Reached skill level 5 in Fighting
  6726 | D:9      | Reached ** piety under the Shining One
  6765 | D:9      | Reached skill level 5 in Throwing
  6774 | D:9      | Noticed a two-headed ogre
  6783 | D:9      | Killed a two-headed ogre
  6784 | D:9      | Reached skill level 1 in Armour
  6950 | D:8      | Fell from the grace of the Shining One
  6950 | D:8      | Became a worshipper of Cheibriados the Contemplative
  7102 | D:9      | Identified the +7 spear "Niestraum" {vorpal, rElec}
  7308 | D:10     | Entered Level 10 of the Dungeon
  7359 | D:10     | Found a staircase to the Orcish Mines.
  7487 | D:10     | Reached skill level 12 in Unarmed Combat
  7487 | D:10     | Reached skill level 1 in Invocations
  7567 | D:10     | Reached * piety under Cheibriados
  7900 | D:10     | Found a runed translucent door.
  7926 | D:10     | Reached XP level 11. HP: 104/104 MP: 13/13
  7948 | D:10     | Found a bloodstained altar of Trog.
  7964 | D:10     | Reached ** piety under Cheibriados
  7980 | D:10     | Found an ornate altar of the Wu Jian Council.
  8026 | D:10     | Found a bloodstained altar of Trog.
  8046 | D:10     | Reached *** piety under Cheibriados
  8072 | D:10     | Noticed a two-headed ogre
  8078 | D:10     | Killed a two-headed ogre
  8079 | D:10     | Reached skill level 5 in Invocations
  8099 | D:10     | Found a hide-covered altar of Uskayaw.
  8194 | D:10     | Reached **** piety under Cheibriados
  8225 | D:10     | Found an ancient bone altar of Kikubaaqudgha.
  8288 | D:10     | Found a hide-covered altar of Uskayaw.
  8305 | D:10     | Reached ***** piety under Cheibriados
  8509 | D:10     | Noticed a flayed ghost
  8528 | D:10     | Killed a flayed ghost
  8531 | D:10     | Identified the +0 cloak "Sahonef" {rN+ Dex-4 Slay+4}
  8653 | D:11     | Reached skill level 1 in Shields
  8671 | D:11     | Mangled by a large slime creature

Illustrated notes

Levels and vault maps discovered:
D:1:      dpeg_arrival_caged_fury, layout_basic, serial_bayou_pond_d,
          moated_statue
D:2:      layout_rooms, shapermc_ecumenical_altar_starsandcircs,
          minmay_lizard_pond, uniq_terence, uniq_robin, uniq_sigmund
D:3:      layout_loops_ring, nicolae_uskayaw_dance_hall
D:4:      layout_loops_ring, minitemple
D:5:      layout_layer_cave, serial_shops, shop_statue
D:6:      layout_rooms, minmay_temple_entry_steel_oval, serial_shops, shop
D:7:      layout_basic, hangedman_decor_lopped
D:8:      layout_loops_corners, nicolae_overflow_hidden_temple
D:9:      layout_cross, grunt_lair_entry_orc_guard_hut
D:10:     due_megacathedral, layout_basic
D:11:     layout_roguey, ebering_ghost_disaster_area, minivault_19,
          kennysheep_big_empty_room, uniq_harold
Temple:   eino_temple_scatter_basement

Skill      XL: |  1  2  3  4  5  6  7  8  9 10 11 |
---------------+----------------------------------+-----
Unarmed Combat | 3 4 6 8 9 10 12 | 12.5
Stealth        | 1 |  1.0
Dodging        | 2 3 4 5 |  5.4
Fighting       | 2 3 4 5 |  5.4
Throwing       | 1 3 4 5 |  5.2
Armour         | 1 |  1.5
Invocations    | 2 6 |  6.5
Spellcasting   | 2 |  2.0
Shields        | 1 |  1.2
Bows           | |  0.2
Crossbows      | |  0.2
Conjurations   | |  0.5
Hexes          | |  0.2
Summonings     | |  0.2
Necromancy     | |  0.5
Translocations | |  2.4
Transmutations | |  0.2
Ice Magic      | |  0.2
Air Magic      | |  0.1
Earth Magic    | |  0.3
Poison Magic   | |  0.2

Action                   |  1- 3 |  4- 6 |  7- 9 | 10-12 || total
-------------------------+-------+-------+-------+-------++-------
Melee: Unarmed           |    62 |   187 |   276 |   341 ||   866
       Punch             |     1 |     3 |    12 |    33 ||    49
 Cast: Blink             |       |       |       |     1 ||     1
Evoke: Wand              |       |       |       |     1 ||     1
 Stab: Sleeping          |     1 |       |     2 |       ||     3
       Distracted        |       |       |     1 |       ||     1
Armor: Robe              |    19 |    85 |    83 |       ||   187
       Acid dragon scale |       |       |     2 |   169 ||   171
Dodge: Dodged            |    21 |   106 |   125 |   271 ||   523
